 Dungeon Crawl Stone Soup version 0.26-a0-1038-gfb849e850a (webtiles) character file.

Game seed: 4249230665368007723

2 Baldric the Slasher (level 1, 0/18 HPs)
             Began as a Human Berserker on Dec 11, 2020.
             Was a Follower of Trog.
             Slain by a frilled lizard (1 damage)
             ... on level 1 of the Dungeon.
             The game lasted 00:00:47 (70 turns).

Baldric the Slasher (Human Berserker)                 Turns: 70, Time: 00:00:48

Health: 0/18       AC:  2    Str: 17    XL:     1   Next: 33%
Magic:  1/1        EV: 12    Int:  7    God:    Trog [*.....]
Gold:   0          SH:  0    Dex: 12    Spells: 0/0 levels left

rFire    . . .     SeeInvis .   a - +0 falchion
rCold    . . .     Faith    .   (no shield)
rNeg     . . .     Spirit   .   b - +0 animal skin
rPois    .         Reflect  .   (no helmet)
rElec    .         Harm     .   (no cloak)
rCorr    .         Rampage  .   (no gloves)
Will     .....                  (no boots)
Stlth    +.........             (no amulet)
HPRegen  0.06/turn              (no ring)
MPRegen  0.07/turn              (no ring)

@: no status effects
A: no striking features
a: Berserk, Renounce Religion


You were on level 1 of the Dungeon.
You worshipped Trog.
Trog was aware of your devotion.
You visited 1 branch of the dungeon, and saw 1 of its levels.

Inventory:

Hand Weapons
 a - a +0 falchion (weapon)
Armour
 b - a +0 animal skin (worn)
 c - a +0 chain mail
Scrolls
 d - a scroll of fog {unknown}


   Skills:
 + Level 3.0 Fighting
 + Level 3.0 Long Blades
 + Level 2.0 Armour
 + Level 2.0 Dodging


You couldn't memorise any spells.
You didn't know any spells.
Your spell library was empty.

Dungeon Overview and Level Annotations

Branches:
Dungeon (1/15)

Altars:


Message History

You don't know any spells.
You see here a stone.
The frilled lizard misses you.
You closely miss the frilled lizard. The kobold barely misses you. x2
The frilled lizard bites you.
You closely miss the kobold. The kobold hits you.
The kobold closely misses you. The frilled lizard closely misses you.
The kobold barely misses you. x2; You riposte.
You closely miss the kobold. You hit the kobold but do no damage.
The frilled lizard bites you. The kobold closely misses you.
The kobold hits you.
You barely miss the kobold. The frilled lizard bites you. The kobold hits you.
* * * LOW HITPOINT WARNING * * *
The kobold barely misses you.
You riposte.
You barely miss the kobold. You closely miss the kobold.
The frilled lizard closely misses you.
You riposte.
You miss the frilled lizard. The kobold hits you.
* * * LOW HITPOINT WARNING * * *
The kobold hits you.
* * * LOW HITPOINT WARNING * * *
The frilled lizard bites you.
You die...

#. ..#.############ #.#
.#...#........## ....
..............####
....#.......##....... #
#..#.#.#.#.##.#...###
.....................[.
#.#..#.#.#.#........##.
#.......)....(KK)...)..
..............@l.......
###........(...........
#.#####.#####........ #
#...#.#...#.#......
#...#.'.>.#.#......
#...#.#...#.#...#.#
.###.##'##.#####...#.#.#
.....................#
.....#####.##'##.###.


You could see 2 kobolds and a frilled lizard.

Vanquished Creatures
  A hobgoblin (D:1)
  A kobold (D:1)
2 creatures vanquished.

Notes
Turn   | Place    | Note
-------+----------+-------------------------------------------
     0 | D:1      | Baldric the Human Berserker began the quest for the Orb.
     0 | D:1      | Reached XP level 1. HP: 18/18 MP: 1/1
    70 | D:1      | Slain by a frilled lizard

Illustrated notes

Levels and vault maps discovered:
D:1:      minmay_arrival_four_houses, layout_basic, minmay_misc_feat_iff

Action                   || total
-------------------------++-------
Melee: Falchion          ||     8
Armor: Animal skin       ||     1
Dodge: Dodged            ||    16
       Rpst.: Falchion   ||     5

Table legend: (Time is in decaauts)
 A = Elapsed time spent in this place.
 B = Non-inter-level travel time spent in this place.
 C = Inter-level travel time spent in this place.
 D = Time resting spent in this place.
 E = Time spent auto-exploring this place.
 F = Levels seen in this place.
 G = Mean time per level.
                   A        B        C        D        E       F      G
               +--------+--------+--------+--------+--------+-----+--------+
         Total |     71 |     71 |      0 |      0 |      0 |   1 |   71.0 |
       Dungeon |     71 |     71 |      0 |      0 |      0 |   1 |   71.0 |
               +--------+--------+--------+--------+--------+-----+--------+

Top non-repeatable levels by time:
     D:1: 71 daAuts
